 Dungeon Crawl Stone Soup version 0.29-a0-977-g7483850d73 (webtiles) character file.

Game seed: 11891590068306994858

22712 lojdshgedfj the Unseen (level 12, 0/60 HPs)
             Began as a Spriggan Enchanter on Aug 1, 2022.
             Was an Elder of Dithmenos.
             Killed by divine providence
             ... invoked by a meliai
              (11 damage)
             ... on level 13 of the Dungeon.
             The game lasted 00:33:29 (16338 turns).

lojdshgedfj the Unseen (Spriggan Enchanter)        Turns: 16338, Time: 00:33:30

Health: 0/60       AC: 14    Str:  8    XL:     12   Next: 65%
Magic:  28/29      EV: 23    Int: 17    God:    Dithmenos [****..]
Gold:   2093       SH:  0    Dex: 16    Spells: 24/35 levels left

rFire   . . .      SeeInvis +   g - +2 dagger (drain)
rCold   . . .      Faith    .   (no shield)
rNeg    + . .      Spirit   .   t - +3 steam dragon scales
rPois   +          Reflect  .   (helmet restricted)
rElec   .          Harm     .   (no cloak)
rCorr   .          Rampage  .   (gloves unavailable)
Will    ++...                   (boots unavailable)
Stlth   +++++++++.              l - amulet of the acrobat
HPRegen 0.20/turn               f - ring of positive energy
MPRegen 0.21/turn               k - +4 ring of protection

@: wreathed by umbra, very quick
A: very small, no large weapons, unfitting armour, see invisible, speed 3,
iridescent scales 1, poison resistance
a: Renounce Religion, Shadow Step


You were on level 13 of the Dungeon.
You worshipped Dithmenos.
Dithmenos was greatly pleased with you.
You visited 2 branches of the dungeon, and saw 14 of its levels.
You also visited: Sewer.

You collected 2093 gold pieces.

Inventory:

Hand Weapons
 a - a +1 dagger
 d - a +3 dagger of holy wrath
 g - a +2 dagger of draining (weapon)
Missiles
 u - 6 datura-tipped darts (quivered)
 F - 2 throwing nets
 N - a curare-tipped dart
Armour
 j - a +2 robe of fire resistance
 t - +3 steam dragon scales (worn)
Jewellery
 f - a ring of positive energy (left hand)
 k - a +4 ring of protection (right hand)
 l - an amulet of the acrobat (around neck)
 x - a ring of poison resistance
 H - an amulet of magic regeneration
 L - an amulet of reflection
Wands
 c - a wand of flame (54)
 r - a wand of acid (3)
 A - a wand of iceblast (4)
 C - a wand of mindburst (10)
 E - a wand of charming (12)
Scrolls
 b - 2 scrolls of blinking
 i - 6 scrolls of fog
 m - a scroll of fear
 y - 4 scrolls of teleportation
 D - a scroll of magic mapping
 G - 3 scrolls of identify
 I - 3 scrolls of immolation
 J - 2 scrolls of vulnerability
Potions
 e - 3 potions of might
 h - 4 potions of heal wounds
 n - 3 potions of magic
 o - 3 potions of cancellation
 p - 5 potions of flight
 q - 5 potions of ambrosia
 s - 3 potions of curing
 v - 3 potions of brilliance
 w - 2 potions of invisibility
 z - a potion of experience
 B - a potion of lignification
 K - a potion of resistance
Miscellaneous
 M - a condenser vane (inert)


   Skills:
 + Level 5.7 Fighting
 + Level 7.8 Short Blades
 - Level 5.5 Throwing
 + Level 9.5 Dodging
 + Level 15.0 Stealth
 + Level 12.2 Spellcasting
 + Level 12.3 Hexes


You had 24 spell levels left.
You knew the following spells:

 Your Spells              Type           Power      Damage    Failure   Level
a - Ensorcelled Hibernat  Hex/Ice        62%        N/A       1%          2
b - Tukima's Dance        Hex            51%        N/A       1%          3
c - Dazzling Flash        Conj/Hex       62%        N/A       1%          3
d - Confusing Touch       Hex            51%        N/A       1%          3

Your spell library contained the following spells:

 Spells                   Type           Power      Damage    Failure   Level
 Beastly Appendage        Tmut           20%        N/A       7%          1
 Freeze                   Ice            40%        1d6       7%          1
 Sting                    Tmut/Pois      40%        1d5       7%          1
 Frozen Ramparts          Ice            20%        1d4       21%         3
 Gell's Gravitas          Tloc           10%        N/A       21%         3
 Lesser Beckoning         Tloc           10%        N/A       21%         3
 Teleport Other           Tloc           10%        N/A       21%         3
 Hailstorm                Conj/Ice       10%        3d5       56%         4
 Iskenderun's Mystic Bla  Conj/Tloc      10%        2d4       56%         4
 Olgreb's Toxic Radiance  Pois           10%        N/A       56%         4
 Starburst                Conj/Fire      5%         6d4       100%        6
 Ozocubu's Refrigeration  Ice            5%         4d6       100%        7
 Ignition                 Fire           5%         3d4       100%        8


Dungeon Overview and Level Annotations

Branches:
Dungeon (13/15)            Temple (1/1) D:6            Lair (0/5) D:11
    Orc (0/2) D:9           Sewer (visited)
 Vaults: D:13-14

Altars:
Ashenzari
Cheibriados
Dithmenos
Elyvilon
Fedhas
Gozag
Hepliaklqana
Kikubaaqudgha
Makhleb
Nemelex Xobeh
Okawaru
Qazlal
Ru
Sif Muna
Trog
Uskayaw
Vehumet
Wu Jian
Xom
Yredelemnul
Zin
The Shining One

Shops:
D:1 [

Portals:
Trove: D:12 (give 4 scrolls of fear)


Innate Abilities, Weirdness & Mutations

You are very small and have problems with some larger weapons.
You are too small for most types of armour.
You have supernaturally acute eyesight. (SInv)
You cover ground extremely quickly. (Speed+++)
You are partially covered in iridescent scales. (AC +2)
Your system is resistant to poisons. (rPois)


Message History

Magic restored.
A meliai comes into view. It is wielding a +0 hand axe.
You see here a vampire mosquito corpse.
Things that are here:
a +1 dagger of venom; a +0 robe; a kobold corpse You see here a boulder beetle corpse.
No target in view!
No target in view!
Things that are here:
a +0 shortbow; a +0 long sword; a centaur corpse You see here a vampire mosquito corpse.
A meliai comes into view. It is wielding a +0 hand axe.
Casting: Ensorcelled Hibernation (safe; 1% risk of failure)
Confirm with . or Enter, or press ? or * to list all spells.
Aiming: Ensorcelled Hibernation (safe; 1% risk of failure)
Press: ? - help, Shift-Dir - straight line, f - meliai
Aim: a meliai, wielding a +0 hand axe and wearing a +0 robe (wandering, hasn't noticed you, umbra, chance to affect: 61%)
The meliai looks drowsy...
Unknown command.
The meliai buzzes angrily. x2
The meliai mumbles some strange prayers to its god against you.
Something smites you!
You hear an angry buzzing noise.
You barely miss the meliai.
Your shadow closely misses the meliai.
The meliai barely misses you. The meliai misses you.
You hit the meliai but do no damage. You drain the meliai.
The meliai is lightly wounded.
The meliai misses you. The meliai barely misses you.
Aiming: Corrosive Bolt
Press: ? - help, Shift-Dir - straight line, f/p - meliai
Aim: a meliai, wielding a +0 hand axe and wearing a +0 robe (lightly wounded, lightly drained, umbra, 57% to hit)
The bolt of acid misses the meliai.
The bolt of acid hits the meliai!
The acid corrodes the meliai!
The meliai is moderately wounded.
The meliai invokes the aid of its god against you.
Something smites you!
* * * LOW HITPOINT WARNING * * *
The meliai mumbles some strange prayers to its god against you.
Something smites you!
You die...

P≈P# ..## ..# ..#
########################
...........†)†)†........
################.#######
####.# #..y@# #.##..# #
#..# #... #y.## #..#
.... ...#


You could see 2 meliai.

Vanquished Creatures
  3 boulder beetles
  A hydra (D:11)
  A centaur warrior (D:13)
  3 death yaks (D:11)
  6 two-headed ogres
  Pikel (D:5)
  An ugly thing (D:12)
  2 manticores (D:12)
  2 cyclopes
  Joseph (D:10)
  A gargoyle (D:10)
  2 unseen horrors
  Psyche (D:10)
  3 kobold demonologists
  A komodo dragon (D:10)
  2 trolls
  6 yaks (D:12)
  4 wraiths
  A water elemental (D:12)
  A human (D:4)
  Grum (D:8)
  A steam dragon (D:8)
  5 vampire mosquitoes
  3 acid dragons
  2 water moccasins (D:7)
  6 orc warriors
  2 black bears
  5 ogres
  4 ice beasts
  2 wolves (D:8)
  The ghost of Sekuso the Trooper, an amateur OpMo (D:3)
  6 centaurs
  3 kobold brigands (D:12)
  5 bullfrogs
  2 necrophages
  A scorpion (D:4)
  A wight (D:6)
  4 killer bees
  6 howler monkeys
  5 electric eels (D:12)
  3 crimson imps (D:7)
  A quasit (D:5)
  5 hounds
  A jelly (D:7)
  2 gnoll boudas
  5 orc priests
  3 iguanas
  18 orc wizards
  A hell rat (D:11)
  A mummy (D:6)
  Robin (D:2)
  12 gnolls
  10 river rats
  14 adders
  6 shadow imps
  7 white imps
  An ufetubus (D:5)
  5 worms
  43 orcs
  11 bats
  8 endoplasms
  3 giant cockroaches
  10 goblins
  12 hobgoblins
  10 jackals
  8 kobolds
  5 quokkas
  18 ball pythons
  7 frilled lizards
  2 goblin zombies
  A jackal zombie (D:4)
  A kobold zombie (D:6)
  12 rats
355 creatures vanquished.

Vanquished Creatures (collateral kills)
  Erica (D:8)
  Sigmund (D:2)
  3 wights (D:6)
  2 killer bees (D:8)
  A white imp (D:5)
8 creatures vanquished.

Vanquished Creatures (others)
  3 dancing weapons
  A crimson imp (D:7)
  8 demonic plants (D:5)
  19 plants
31 creatures vanquished.

Grand Total: 394 creatures vanquished

Notes
Turn   | Place    | Note
-------+----------+-------------------------------------------
     0 | D:1      | lojdshgedfj the Spriggan Enchanter began the quest for the
                  | Orb.
     0 | D:1      | Reached XP level 1. HP: 9/9 MP: 5/5
    49 | D:1      | Reached XP level 2. HP: 5/13 MP: 7/7
    54 | D:1      | Learned a level 2 spell: Ensorcelled Hibernation
   588 | D:1      | Found a faded altar of an unknown god.
   629 | D:1      | Reached XP level 3. HP: 8/16 MP: 6/9
   633 | D:1      | Learned a level 3 spell: Tukima's Dance
   637 | D:1      | Learned a level 3 spell: Confusing Touch
   942 | D:1      | Found Maetuly's Armour Emporium.
  1835 | D:2      | Noticed Robin
  2390 | D:2      | Killed Robin
  2553 | D:2      | Reached skill level 5 in Hexes
  2553 | D:2      | Reached XP level 4. HP: 2/21 MP: 7/11
  2584 | D:2      | Reached skill level 5 in Spellcasting
  2584 | D:2      | Reached XP level 5. HP: 12/24 MP: 4/13
  2949 | D:2      | Noticed Sigmund
  2960 | D:2      | Killed Sigmund
  2961 | D:2      | Reached skill level 5 in Stealth
  2961 | D:2      | Reached XP level 6. HP: 17/28 MP: 11/15
  3199 | D:3      | Learned a level 3 spell: Dazzling Flash
  3502 | D:3      | Found a blossoming altar of Fedhas.
  3592 | D:3      | Noticed Sekuso's ghost (amateur OpMo)
  3593 | D:3      | Found a runed translucent door.
  3611 | D:3      | Killed Sekuso's ghost
  3612 | D:3      | Reached skill level 6 in Stealth
  4059 | D:4      | Reached XP level 7. HP: 19/32 MP: 2/17
  4232 | D:4      | Reached skill level 7 in Stealth
  4399 | D:4      | Found a runed translucent door.
  4399 | D:4      | Noticed a human
  4421 | D:4      | Found a basalt altar of Yredelemnul.
  4429 | D:4      | Killed a human
  5137 | D:5      | Entered Level 5 of the Dungeon
  5180 | D:5      | Found a bloodstained altar of Trog.
  5197 | D:5      | Reached skill level 8 in Stealth
  5258 | D:5      | Found a shimmering blue altar of Sif Muna.
  5273 | D:5      | Got Sif Muna's Discourse on Transformation
  5347 | D:5      | Reached XP level 8. HP: 32/36 MP: 20/20
  6271 | D:5      | Reached skill level 9 in Stealth
  6591 | D:5      | Identified the +1 ring mail of Jupomp {rC- rCorr Dex+7}
  6672 | D:5      | Noticed Pikel
  6682 | D:5      | Killed Pikel
  6683 | D:5      | Reached skill level 10 in Stealth
  7009 | D:5      | Reached XP level 9. HP: 39/39 MP: 18/22
  7036 | D:5      | Identified the +3 leather armour of Kagorch {Will+ Int+4}
  7481 | D:6      | Found an ornate altar of the Wu Jian Council.
  7579 | D:6      | Found a glowing drain.
  7589 | Sewer    | Entered a sewer
  7632 | Sewer    | Reached skill level 1 in Fighting
  8407 | D:6      | Reached skill level 11 in Stealth
  8494 | D:6      | Found a staircase to the Ecumenical Temple.
  8506 | Temple   | Entered the Ecumenical Temple
  8526 | Temple   | Became a worshipper of Dithmenos the Shadowed
  9303 | D:7      | Noticed a troll
  9322 | D:7      | Reached skill level 10 in Hexes
  9329 | D:7      | Killed a troll
  9330 | D:7      | Reached skill level 5 in Dodging
  9330 | D:7      | Reached XP level 10. HP: 37/47 MP: 5/24
  9757 | D:7      | Reached * piety under Dithmenos
 10636 | D:8      | Gained mutation: You are strong-willed. (Will+) [potion of
                  | mutation]
 10637 | D:8      | Lost mutation: You are strong-willed. (Will+) [potion of
                  | mutation]
 10637 | D:8      | Gained mutation: You are weak. (Str -2) [potion of
                  | mutation]
 10637 | D:8      | Gained mutation: You sometimes lose your temper in combat.
                  | [potion of mutation]
 10638 | D:8      | Lost mutation: You are weak. (Str -2) [potion of mutation]
 10638 | D:8      | Lost mutation: You sometimes lose your temper in combat.
                  | [potion of mutation]
 10638 | D:8      | Gained mutation: Your system is resistant to poisons.
                  | (rPois) [potion of mutation]
 10638 | D:8      | Gained mutation: You are partially covered in iridescent
                  | scales. (AC +2) [potion of mutation]
 10723 | D:8      | Reached skill level 12 in Stealth
 10723 | D:8      | Reached skill level 10 in Spellcasting
 11232 | D:8      | Noticed Grum
 11239 | D:8      | Killed Grum
 11239 | D:8      | Reached ** piety under Dithmenos
 11240 | D:8      | Noticed Erica
 11312 | D:8      | Killed Erica
 11313 | D:8      | Reached skill level 1 in Throwing
 11444 | D:8      | You fall into a shaft and drop 2 floors!
 11444 | D:10     | Entered Level 10 of the Dungeon
 11467 | D:10     | Noticed a two-headed ogre
 11482 | D:10     | Killed a two-headed ogre
 11483 | D:10     | Reached skill level 5 in Short Blades
 11779 | D:9      | Noticed a two-headed ogre
 11788 | D:9      | Killed a two-headed ogre
 11829 | D:9      | Reached XP level 11. HP: 53/53 MP: 23/26
 11931 | D:9      | Found an iron altar of Okawaru.
 11977 | D:9      | Found a glowing golden altar of the Shining One.
 12020 | D:9      | Found a staircase to the Orcish Mines.
 12071 | D:9      | Reached skill level 13 in Stealth
 12422 | D:9      | Noticed a two-headed ogre
 12426 | D:9      | Killed a two-headed ogre
 13076 | D:10     | Noticed a two-headed ogre
 13076 | D:10     | Noticed a two-headed ogre
 13076 | D:10     | Noticed Psyche
 13078 | D:10     | Killed Psyche
 13081 | D:10     | Killed a two-headed ogre
 13083 | D:10     | Killed a two-headed ogre
 13083 | D:10     | Reached *** piety under Dithmenos
 13270 | D:10     | Noticed Joseph
 13283 | D:10     | Killed Joseph
 13474 | D:10     | Identified a scroll of acquirement
 13474 | D:10     | Acquired 863 gold pieces
 13875 | D:11     | Noticed a seven-headed hydra
 13883 | D:11     | Killed a seven-headed hydra
 13921 | D:11     | Noticed a two-headed ogre
 13936 | D:11     | Killed a two-headed ogre
 14150 | D:11     | Noticed a death yak
 14152 | D:11     | Found a staircase to the Lair.
 14154 | D:11     | Noticed a death yak
 14157 | D:11     | Killed a death yak
 14158 | D:11     | Reached skill level 14 in Stealth
 14158 | D:11     | Noticed a death yak
 14162 | D:11     | Killed a death yak
 14163 | D:11     | Reached skill level 5 in Fighting
 14167 | D:11     | Killed a death yak
 14168 | D:11     | Reached XP level 12. HP: 60/60 MP: 28/28
 14564 | D:12     | Found a portal to a secret trove of treasure.
 14585 | D:12     | Identified the +9 dire flail of Exquisite Torment {holy,
                  | Int+4}
 14676 | D:12     | Noticed a boulder beetle
 14685 | D:12     | Killed a boulder beetle
 15268 | D:12     | Reached skill level 5 in Throwing
 15730 | D:12     | Noticed a boulder beetle
 15752 | D:12     | Killed a boulder beetle
 15779 | D:12     | Reached **** piety under Dithmenos
 16257 | D:13     | Noticed a centaur warrior
 16278 | D:13     | Noticed a boulder beetle
 16278 | D:13     | Killed a centaur warrior
 16285 | D:13     | Killed a boulder beetle
 16286 | D:13     | Reached skill level 15 in Stealth
 16338 | D:13     | Killed from afar by a meliai

Illustrated notes

Levels and vault maps discovered:
D:1:      shiori_arrival_oz, layout_rooms, serial_shops,
          nicolae_shop_behind_doors, hellmonk_ecumenical_altar_run_dry
D:2:      layout_basic, minmay_hedge_maze, minivault_27, uniq_robin,
          uniq_sigmund
D:3:      layout_loops_ring, overflow_temple_1_default, gammafunk_ghost_grave,
          hangedman_abyss_or_decor_lesser_grid
D:4:      layout_basic, dk_yredelemnul_ordeal, dk_vineyard_1
D:5:      layout_loops_corners, nzn_overflow_gifts_of_might_and_magic,
          serial_demonic, serial_demonic_e, serial_demonic_e, serial_demonic_b,
          serial_demonic_d, serial_demonic_d, uniq_pikel
D:6:      layout_rooms, nicolae_wu_jian_glorious_leap, temple_fountains,
          cheibrodos_sewer_entry_sluice, nicolae_ossuary_entry_giza
D:7:      cheibrodos_barr_body, layout_layer_cave, minmay_nine_imps
D:8:      layout_loops_ring, uniq_grum, uniq_erica
D:9:      layout_loops_ring, okawaru_ov_weapons_minmay, tso_metal_star,
          orc_0_dummy, kennysheep_generic_room_8
D:10:     wad_woods_structure_01, layout_irregular_city, nrook_pool_corridor,
          uniq_joseph, uniq_psyche
D:11:     layout_roguey, dpeg_lair_monsters
D:12:     wad_lake_hut, layout_basic, nicolae_trove_entry_free_sample
D:13:     layout_basic, serial_bayou, serial_bayou_shore_a,
          serial_bayou_crossing, serial_bayou_pond_d, serial_bayou_shore_b,
          serial_bayou_ford_a
Temple:   minmay_freezing_vapour_temple

Skill      XL: |  1  2  3  4  5  6  7  8  9 10 11 12 |
---------------+-------------------------------------+-----
Spellcasting   | 3 4 5 6 7 8 9 10 11 12 | 12.2
Hexes          | 4 5 6 7 9 10 11 12 | 12.3
Stealth        | 5 6 8 10 11 12 14 15 | 15.0
Dodging        | 5 6 8 9 |  9.5
Fighting       | 2 3 5 |  5.7
Short Blades   | 3 5 6 7 |  7.8
Throwing       | 2 4 5 |  5.5

Action                   |  1- 3 |  4- 6 |  7- 9 | 10-12 || total
-------------------------+-------+-------+-------+-------++-------
Melee: Dagger            |   116 |    73 |   421 |   618 ||  1228
       Punch             |       |     1 |     5 |    11 ||    17
 Cast: Ensorcelled Hiber |    18 |    20 |    45 |    58 ||   141
       Tukima's Dance    |     1 |     1 |    12 |     9 ||    23
       Confusing Touch   |       |     1 |     8 |    12 ||    21
Evoke: Wand              |       |       |     8 |    10 ||    18
       Condenser vane    |       |       |       |     1 ||     1
  Use: Potion            |     1 |     4 |     3 |     7 ||    15
       Scroll            |     9 |       |     4 |    11 ||    24
 Stab: Invisible         |     6 |       |     2 |     7 ||    15
       Sleeping          |    16 |    14 |    39 |    71 ||   140
       Confused          |       |     1 |     6 |    12 ||    19
       Distracted        |       |       |     2 |     1 ||     3
Armor: Robe              |    13 |    27 |   137 |    18 ||   195
       Steam dragon scal |       |       |       |    59 ||    59
Dodge: Dodged            |   123 |    58 |   500 |   435 ||  1116

Table legend: (Time is in decaauts)
 A = Elapsed time spent in this place.
 B = Non-inter-level travel time spent in this place.
 C = Inter-level travel time spent in this place.
 D = Time resting spent in this place.
 E = Time spent auto-exploring this place.
 F = Levels seen in this place.
 G = Mean time per level.
                   A        B        C        D        E       F      G
               +--------+--------+--------+--------+--------+-----+--------+
         Total |  12554 |  12286 |    268 |   1368 |   8355 |  15 |  836.9 |
       Dungeon |  11776 |  11511 |    265 |   1190 |   7987 |  13 |  905.8 |
        Temple |     16 |     13 |      3 |      0 |      6 |   1 |   16.0 |
         Sewer |    761 |    761 |      0 |    178 |    362 |   1 |  761.0 |
               +--------+--------+--------+--------+--------+-----+--------+

Top non-repeatable levels by time:
     D:5: 1749 daAuts
     D:1: 1529 daAuts
    D:12: 1163 daAuts
     D:2: 1101 daAuts
     D:7: 1026 daAuts
     D:4: 936 daAuts
    D:10: 876 daAuts
     D:6: 807 daAuts
     D:8: 770 daAuts
   Sewer: 761 daAuts
    D:11: 600 daAuts
     D:9: 546 daAuts
     D:3: 484 daAuts
    D:13: 184 daAuts
  Temple: 16 daAuts
